 Dungeon Crawl Stone Soup version 0.23-a0-636-g0ff6057 (webtiles) character file.

789 Phosphor the Chopper (level 8, -2/58 HPs)
             Began as a Formicid Abyssal Knight on Dec 28, 2018.
             Was a Priest of Lugonu.
             Slain by an ogre
             ... wielding a +0 giant club
              (11 damage)
             ... on level 5 of the Dungeon.
             The game lasted 00:12:16 (6567 turns).

Phosphor the Chopper (Formicid Abyssal Knight)      Turns: 6567, Time: 00:12:17

Health: -2/58      AC: 14    Str: 19    XL:     8   Next: 12%
Magic:  9/9        EV:  7    Int: 12    God:    Lugonu [***...]
Gold:   298        SH:  0    Dex: 10    Spells: 7/7 levels left

rFire    . . .     SeeInvis +   a - +1 hand axe
rCold    + . .     Gourm    .   (no shield)
rNeg     . . .     Faith    .   C - +2 chain mail {rC+}
rPois    .         Spirit   .   (helmet unavailable)
rElec    .         Reflect  .   (no cloak)
rCorr    +         Harm     .   (no gloves)
MR       .....                  p - +1 pair of boots
Stlth    ..........             (no amulet)
HPRegen  0.19/turn              o - ring of resist corrosion
MPRegen  0.11/turn              (no ring)

@: no status effects
A: permanent stasis, dig shafts and tunnels, four strong arms, antennae 3
a: Dig, Shaft Self, Depart the Abyss, Bend Space, Banish, Renounce Religion


You were on level 5 of the Dungeon.
You worshipped Lugonu.
Lugonu was most pleased with you.
You were not hungry.

You visited 1 branch of the dungeon, and saw 5 of its levels.
You visited the Abyss 1 time.

You collected 298 gold pieces.

Inventory:

Hand Weapons
 a - a +1 hand axe (weapon)
 t - a +0 blowgun
Missiles
 u - 18 poisoned needles
Armour
 p - a +1 pair of boots (worn)
 C - a +2 chain mail of cold resistance (worn)
Jewellery
 o - a ring of resist corrosion (left hand)
Wands
 A - a wand of digging (11)
Scrolls
 f - 3 scrolls of remove curse {unknown}
 h - 2 scrolls of amnesia {unknown}
 i - 2 scrolls of magic mapping {unknown}
 l - 6 scrolls of identify {unknown}
 n - a scroll of blinking {unknown}
 q - a scroll of enchant weapon {unknown}
 s - 2 scrolls of fear {unknown}
 w - 2 scrolls of teleportation {unknown}
 x - a scroll of random uselessness {unknown}
 y - a scroll of enchant armour {unknown}
Potions
 d - 2 potions of ambrosia {unknown}
 e - a potion of heal wounds {unknown}
 g - a potion of magic {unknown}
 m - a potion of brilliance {unknown}
 r - a potion of curing {unknown}
 v - 2 potions of flight {unknown}
 z - a potion of might {unknown}
Comestibles
 c - 13 rations
 B - 6 chunks of flesh


   Skills:
 - Level 3.2 Fighting
 + Level 7.4 Axes
 + Level 5.5 Armour
 - Level 0.8 Dodging
 - Level 2.1 Invocations


You had 7 spell levels left.
You didn't know any spells.
Your spell library contained the following spells:

 Spells                   Type           Power        Failure   Level  Hunger
 Beastly Appendage        Tmut           #.....       98%         1    ##.....
 Sticks to Snakes         Tmut           #.......     99%         2    ###....
 Spider Form              Tmut/Pois      #.........   100%        3    ####...
 Ice Form                 Ice/Tmut       #.......     100%        4    #####..
 Blade Hands              Tmut           #.........   100%        5    ######.


Dungeon Overview and Level Annotations

Branches:
Dungeon (5/15)
 Temple: D:4-7

Altars:
Nemelex Xobeh
Sif Muna
Trog
Vehumet

Annotations:
D:1 exclusion: downstairs
D:2 Sigmund
D:5 Blork the orc


Innate Abilities, Weirdness & Mutations

You cannot be hasted, slowed, berserked, paralysed or teleported.
You can dig through walls and to a lower floor.
Your four strong arms can wield two-handed weapons with a shield.
You have a pair of large antennae on your head. (SInv)


Message History

You are too injured to fight recklessly!
You are too injured to fight recklessly!
You are too injured to fight recklessly!
You are too injured to fight recklessly!
You are too injured to fight recklessly!
You are too injured to fight recklessly!
You are too injured to fight recklessly!
You are too injured to fight recklessly!
You are too injured to fight recklessly!
Okay, then.
Okay, then.
Evoke which item? (* to show all) (? for menu, Esc to quit)
Okay, then.
Are you sure you want to shaft yourself?
You feel quite a bit more hungry.
Blork the orc screams, "I'll make a cloak from your skin!"
Blork the orc hits you with a +0 battleaxe.
* * * LOW HITPOINT WARNING * * *
The ogre hits you with a +0 giant club!
You die...

..###...#.##..###...##...##.#
.....)###..#........##.......
...#..# #.....####...........
##.#..####.##.. ####........
....)[.........#####........#
#......[.....................
##..)......##.....#..........
..................#..........
#....#..........@............
#...<..........#Oo.#...##.##.
.[................#....# .#
.........#.......###.#.. #
........##........ .#...
.#.#............## .
####.....#.##... . #....##
..... ....... .


You could see Blork the orc and an ogre.

Vanquished Creatures
  2 phantoms
  A scorpion (D:4)
  A howler monkey (D:4)
  A crimson imp (D:4)
  2 hounds
  2 orc wizards (D:3)
  Ijyb (D:4)
  3 worker ants
  4 gnolls
  10 adders
  2 oozes
  An adder zombie (D:5)
  2 worms
  2 dart slugs
  2 leopard geckos
  13 orcs
  3 ball pythons
  10 bats
  2 giant cockroaches
  24 goblins
  10 hobgoblins
  4 jackals (D:3)
  9 kobolds
  2 quokkas (D:2)
  7 frilled lizards
  A quokka zombie (D:5)
  6 rats
127 creatures vanquished.

Notes
Turn   | Place    | Note
-------+----------+-------------------------------------------
     0 | Abyss:1  | Phosphor the Formicid Abyssal Knight began the quest for
                  | the Orb.
     0 | Abyss:1  | Reached XP level 1. HP: 18/18 MP: 2/2
   114 | Abyss:2  | Noticed an iron imp
   127 | D:1      | Escaped the Abyss
   295 | D:1      | Reached XP level 2. HP: 15/24 MP: 3/3
   560 | D:1      | Reached skill level 3 in Axes
   622 | D:1      | Reached XP level 3. HP: 11/29 MP: 4/4
   950 | D:1      | Reached * piety under Lugonu
  1234 | D:2      | Reached skill level 4 in Axes
  1234 | D:2      | Reached XP level 4. HP: 23/35 MP: 5/5
  1843 | D:2      | Reached ** piety under Lugonu
  1932 | D:2      | Noticed Sigmund
  2118 | D:2      | Found a bloodstained altar of Trog.
  2121 | D:2      | Reached XP level 5. HP: 40/41 MP: 6/6
  2911 | D:3      | Reached skill level 5 in Axes
  4052 | D:3      | Found a sparkling altar of Nemelex Xobeh.
  4133 | D:3      | Reached XP level 6. HP: 38/47 MP: 7/7
  4288 | D:3      | Found a radiant altar of Vehumet.
  4289 | D:3      | Found a deep blue altar of Sif Muna.
  4490 | D:3      | Reached skill level 6 in Axes
  4672 | D:3      | Reached *** piety under Lugonu
  4933 | D:4      | Reached XP level 7. HP: 30/52 MP: 8/8
  6161 | D:5      | Entered Level 5 of the Dungeon
  6162 | D:5      | Noticed Ijyb
  6187 | D:4      | Reached skill level 7 in Axes
  6187 | D:4      | Reached skill level 5 in Armour
  6394 | D:4      | Killed Ijyb
  6508 | D:5      | Reached XP level 8. HP: 58/58 MP: 9/9
  6563 | D:5      | Noticed Blork the orc
  6567 | D:5      | Slain by an ogre

Vault maps used:
D:1:      mrwooster_arrival_statue_3, st_stairs_4
D:2:      lemuel_crystal_altar, due_unseen_surprise, uniq_sigmund
D:3:      gammafunk_temple_overflow_pools, nemelex_xobeh_ov_fountains_minmay,
          first_ration, chequers_serial_rivers_room_a, hangedman_decor_points,
          st_stairs_3, nrook_uturn
D:5:      minmay_fractal_squares_5, uniq_ijyb, uniq_blork_the_orc

Skill      XL: |  1  2  3  4  5  6  7 |
---------------+----------------------+-----
Axes           | 3 4 5 6 7 |  7.4
Armour         | 3 5 |  5.5
Fighting       | |  3.2
Dodging        | |  0.8
Invocations    | |  2.1

Action                   |  1- 3 |  4- 6 |  7- 9 || total
-------------------------+-------+-------+-------++-------
Melee: Hand axe          |    84 |   318 |   172 ||   574
Invok: Depart the Abyss  |     1 |       |       ||     1
 Abil: Shaft Self        |       |       |     1 ||     1
  Eat: Chunk             |     1 |    11 |     7 ||    19
Armor: Leather armour    |    10 |       |       ||    10
       Ring mail         |    18 |       |       ||    18
       Chain mail        |       |   229 |   105 ||   334
Dodge: Dodged            |    30 |   162 |    48 ||   240

Table legend:
 A = Non-vault XP
 B = Vault XP
 C = Vault XP percentage of total XP
 D = Non-vault monster count
 E = Vault monster count
 F = Vault count percentage of total count
                 A         B        C        D         E       F
            +---------+---------+-------+---------+---------+-------
      Total |    1065 |      63 |   5.6 |     120 |       7 |   5.5
            +---------+---------+-------+---------+---------+-------
        D:1 |      52 |       4 |   7.1 |      27 |       2 |   6.9
        D:2 |     107 |       0 |   0.0 |      32 |       0 |   0.0
        D:3 |     278 |      23 |   7.6 |      37 |       4 |   9.8
        D:4 |     490 |      36 |   6.8 |      16 |       1 |   5.9
        D:5 |     138 |       0 |   0.0 |       8 |       0 |   0.0
            +---------+---------+-------+---------+---------+-------
